 Dungeon Crawl Stone Soup version 0.21-a0-49-g7bf2ba4 (webtiles) character file.

60951 Duffy the Eclecticist (level 14, -7/84 HPs)
             Began as a Deep Elf Fire Elementalist on June 9, 2017.
             Was a High Priest of Vehumet.
             Mangled by Duffy's ghost (39 damage)
             ... on level 12 of the Dungeon.
             The game lasted 00:35:00 (22042 turns).

Duffy the Eclecticist (Deep Elf Fire Elementalist) Turns: 22042, Time: 00:35:02

Health: -7/84      AC:  8    Str:  8    XL:     14   Next: 58%
Magic:  3/37       EV: 17    Int: 32    God:    Vehumet [*****.]
Gold:   890        SH:  5    Dex: 15    Spells: 23/48 levels left

rFire    + + .     SeeInvis +   n - staff of fire {!a}
rCold    x . .     Gourm    .   B - +0 buckler
rNeg     . . .     Faith    .   s - +2 troll leather armour {Snorg}
rPois    .         Spirit   .   S - +1 helmet {SInv}
rElec    .         Reflect  .   O - scarf {repulsion}
rCorr    .         Harm     .   V - +0 pair of gloves {Str+3}
MR       +....     Rnd*Tele +   U - +0 pair of boots
Stlth    ++........             g - amulet of magic regeneration
Regen    0.7/turn               f - +6 ring of intelligence
MPRegen  0.4/turn               F - ring of fire

@: repel missiles
A: deformed body, teleportitis 1
a: Renounce Religion


You were on level 12 of the Dungeon.
You worshipped Vehumet.
Vehumet was extremely pleased with you.
You were not hungry.

You visited 2 branches of the dungeon, and saw 18 of its levels.
You also visited: Labyrinth and Sewer.

You collected 932 gold pieces.
You spent 42 gold pieces at shops.

Inventory:

Missiles
 Z - a throwing net (quivered)
Armour
 s - a +2 troll leather armour (worn) {Snorg}
 B - a +0 buckler (worn)
 O - a scarf of repulsion (worn)
 S - a +1 helmet of see invisible (worn)
 U - a +0 pair of boots (worn)
 V - a +0 pair of gloves of strength (worn)
Magical Staves
 n - an uncursed staff of fire (weapon) {!a}
 r - an uncursed staff of wizardry
Jewellery
 e - an uncursed ring of see invisible
 f - a +6 ring of intelligence (left hand)
 g - an amulet of magic regeneration (around neck)
 h - an uncursed ring of poison resistance
 F - a ring of fire (right hand)
 T - an uncursed ring of magical power
 X - an uncursed ring of protection from cold
Wands
 Q - a wand of acid (8/15)
Scrolls
 j - 4 scrolls of enchant armour {unknown}
 l - 4 scrolls of amnesia
 o - 4 scrolls of blinking {unknown}
 A - 6 scrolls of remove curse
 C - 10 scrolls of teleportation
 I - 4 scrolls of fear
 K - a scroll of acquirement {unknown}
 L - a scroll of magic mapping
 M - 2 scrolls of fog
Potions
 p - 5 potions of curing
 q - 2 potions of invisibility
 t - a potion of mutation
 w - 3 potions of haste
 z - a potion of magic
 D - a potion of agility
 E - 3 potions of heal wounds
 H - a potion of ambrosia
 J - 2 potions of flight
 N - 5 potions of brilliance
 P - 3 potions of cancellation
Comestibles
 c - 6 bread rations
 d - 8 meat rations
 u - 21 fruits
 x - 10 royal jellies


   Skills:
 - Level 8.0 Fighting
 - Level 8.4 Dodging
 - Level 2.4 Stealth
 - Level 5.5 Shields
 + Level 17.7 Spellcasting
 + Level 16.5 Conjurations
 - Level 8.0 Fire Magic


You had 23 spell levels left.
You knew the following spells:

 Your Spells              Type           Power        Failure   Level  Hunger
h - Bolt of Fire          Conj/Fire      ########..   1%          6    None
j - Sticky Flame          Conj/Fire      ########     1%          4    None
k - Fireball              Conj/Fire      ########..   1%          5    None
l - Conjure Flame         Conj/Fire      ########     1%          3    None
o - Orb of Destruction    Conj           #######...   1%          7    ####...


Dungeon Overview and Level Annotations

Branches:
Dungeon (12/15)            Temple (0/1) D:7            Lair (6/6) D:10
 Shoals (0/4) Lair:3       Spider (0/4) Lair:4        Slime (0/5) Lair:5
    Orc (0/2) D:11

Altars:
Ashenzari
Dithmenos
Okawaru
Sif Muna
Trog
Vehumet
Wu Jian
Jiyva

Shops:
D:7 *   D:11 (

Annotations:
D:12 Duffy's ghost, journeyman CeGl


Innate Abilities, Weirdness & Mutations

Armour fits poorly on your strangely shaped body.
You are occasionally teleported next to monsters.


Message History

Aim: Duffy's ghost, wielding a weapon of flaming (heavily damaged)
You feel a strong surge of power!
The bolt of fire hits Duffy's ghost.
Duffy's ghost resists.
Duffy's ghost is severely damaged.
Duffy's ghost hits you! Duffy's ghost burns you.
Casting: Bolt of Fire
Confirm with . or Enter, or press ? or * to list all spells.
Aiming: Bolt of Fire
Press: ? - help, Shift-Dir - straight line, f/p - Duffy's ghost
Aim: Duffy's ghost, wielding a weapon of flaming (severely damaged)
You feel a strong surge of power!
The bolt of fire hits Duffy's ghost.
Duffy's ghost resists.
Duffy's ghost is almost destroyed.
Duffy's ghost hits you!! Duffy's ghost burns you.
Casting: Bolt of Fire
Confirm with . or Enter, or press ? or * to list all spells.
You don't have enough magic to cast that spell.
Duffy's ghost says, "Ah, a second chance to prove myself in battle!"
Duffy's ghost hits you!!!
You die...

#####....# ##+## #.#
##....####...## #.#
####.......#.....## ###.#
#.................## ##.#.#
#.#................####....######
...................'........<^...
#.#......#.........####....######
#....######.......## ##.#.#
####.# ##....@## ###.# #.#
##..W## #.# #.# ##'## #.# #.# #.#
###># #.# #.# #...#
#.#########.## #.###
#........#...##### #.#
#.######.........# #.#
#.######.#...###.# #.#


You could see Duffy's ghost.

Vanquished Creatures
  Gastronok (D:9)
  Kirke (Lair:4)
  6 dire elephants (Lair:6)
  Snorg (Lair:4)
  A minotaur (Lab)
  5 hydras
  2 catoblepae
  An anaconda (Lair:6)
  3 two-headed ogres
  A tengu warrior (D:9)
  Urug (Lair:5)
  The ghost of Duffy the Destroyer, a novice DEFE of Vehumet (D:9)
  3 unseen horrors
  Pikel (D:8)
  15 elephants
  A torpor snail (Lair:3)
  6 black mambas
  2 gargoyles
  8 spiny frogs
  2 komodo dragons
  2 rime drakes (Lair:6)
  A queen bee (Lair:3)
  A polar bear (Lair:3)
  A slime creature (D:9)
  4 trolls
  A hornet (Lair:3)
  31 blink frogs
  A merfolk (Lair:3)
  7 hippogriffs
  A vampire (D:9)
  A shadow (D:11)
  45 yaks
  3 humans
  4 basilisks
  A water elemental (Lair:3)
  2 wyverns
  A hungry ghost (D:11)
  8 hogs
  7 water moccasins
  10 orc warriors
  8 porcupines
  Purgy (Sewer)
  2 black bears (Lair:2)
  4 sky beasts
  3 ice beasts
  7 ogres
  A slave (D:8)
  2 phantoms
  3 centaurs
  12 crocodiles
  17 bullfrogs
  6 big kobolds
  3 gnoll sergeants (D:11)
  A wyvern zombie (D:10)
  2 scorpions
  21 killer bees
  2 electric eels
  5 crimson imps
  2 howler monkeys
  3 hounds
  A bullfrog zombie (D:10)
  2 centaur zombies
  6 jellies
  7 orc priests
  A bullfrog skeleton (D:4)
  6 centaur skeletons
  8 orc wizards
  5 iguanas
  5 worker ants
  A hound zombie (D:8)
  2 hound skeletons (D:11)
  A howler monkey zombie (D:7)
  11 adders
  A gnoll (D:11)
  2 shadow imps (D:7)
  An adder skeleton (D:4)
  2 adder zombies
  2 worms
  A dart slug (D:5)
  5 leopard geckos
  31 orcs
  12 giant cockroaches
  3 goblins
  11 hobgoblins
  12 jackals
  17 kobolds
  4 quokkas
  7 bats
  4 frilled lizards
  12 rats
  5 fungi
  7 plants
494 creatures vanquished.

Vanquished Creatures (others)
  2 kobolds (D:8)
  8 fungi
  5 plants (Lair:6)
15 creatures vanquished.

Grand Total: 509 creatures vanquished

Notes
Turn   | Place    | Note
-------+----------+-------------------------------------------
     0 | D:1      | Duffy the Deep Elf Fire Elementalist began the quest for the Orb.
     0 | D:1      | Reached XP level 1. HP: 10/10 MP: 6/6
   276 | D:1      | Reached XP level 2. HP: 15/15 MP: 5/8
   702 | D:4      | Noticed a scorpion
   720 | D:4      | Reached XP level 3. HP: 15/19 MP: 5/10
   897 | D:4      | Learned a level 3 spell: Conjure Flame
   939 | D:4      | Reached skill level 4 in Spellcasting
   943 | D:4      | Reached XP level 4. HP: 20/24 MP: 4/12
  1020 | D:4      | Learned a level 4 spell: Sticky Flame
  1123 | D:4      | Reached XP level 5. HP: 19/28 MP: 0/13
  1389 | D:5      | Entered Level 5 of the Dungeon
  1396 | D:5      | Learned a level 5 spell: Fireball
  1434 | D:5      | Got a faintly glowing bone amulet
  1436 | D:5      | Identified the amulet of Xom's Whimsicality {Regen+ Dex+4} (You found it on level 5 of the Dungeon)
  1455 | D:5      | Noticed an ogre
  1475 | D:5      | Killed an ogre
  1475 | D:5      | Reached skill level 5 in Spellcasting
  1475 | D:5      | Reached skill level 5 in Conjurations
  1475 | D:5      | Reached XP level 6. HP: 28/32 MP: 6/15
  1595 | D:5      | Noticed an ice beast
  1616 | D:5      | Killed an ice beast
  1616 | D:5      | Reached XP level 7. HP: 23/36 MP: 1/17
  1714 | D:5      | Found a glowing drain.
  1719 | Sewer    | Entered a sewer
  1729 | Sewer    | Noticed Purgy
  1735 | Sewer    | Killed Purgy
  1735 | Sewer    | Reached skill level 6 in Spellcasting
  1735 | Sewer    | Reached skill level 5 in Fire Magic
  2511 | D:5      | Found a bloodstained altar of Trog.
  5023 | D:2      | Found a faded altar of an unknown god.
  5377 | D:3      | Reached XP level 8. HP: 41/41 MP: 15/20
  6179 | D:3      | Found a shattered altar of Ashenzari.
  6180 | D:3      | Found a radiant altar of Vehumet.
  6180 | D:3      | Found an ornate altar of the Wu Jian Council.
  6188 | D:3      | Became a worshipper of Vehumet
  6757 | D:7      | Found Jeplynew's General Store.
  6770 | D:7      | Bought a potion of curing for 42 gold pieces
  6782 | D:7      | Found a staircase to the Ecumenical Temple.
  6905 | D:7      | Reached skill level 7 in Spellcasting
  7294 | D:7      | Reached * piety under Vehumet
  7294 | D:7      | Offered knowledge of Shock by Vehumet.
  7294 | D:7      | Reached skill level 8 in Spellcasting
  7298 | D:7      | Reached XP level 9. HP: 45/45 MP: 1/23
  8083 | D:8      | Found a bloodstained altar of Trog.
  8085 | D:8      | Noticed a two-headed ogre
  8234 | D:8      | Reached skill level 10 in Conjurations
  8283 | D:8      | Reached skill level 9 in Spellcasting
  8288 | D:8      | Noticed Pikel
  8324 | D:8      | Killed Pikel
  8804 | D:8      | Found a deep blue altar of Sif Muna.
  8811 | D:8      | Killed a two-headed ogre
  8811 | D:8      | Reached skill level 10 in Spellcasting
  8845 | D:8      | Reached XP level 10. HP: 48/50 MP: 17/26
  8966 | D:8      | Found a shadowy altar of Dithmenos.
  9393 | D:9      | Noticed a tengu warrior
  9411 | D:9      | Killed a tengu warrior
  9411 | D:9      | Reached skill level 1 in Fighting
  9411 | D:9      | Reached skill level 1 in Shields
  9601 | D:9      | Noticed an unseen horror
  9603 | D:9      | Killed an unseen horror
 10213 | D:9      | Noticed Duffy's ghost (novice DEFE)
 10227 | D:9      | Killed Duffy's ghost
 10227 | D:9      | Offered knowledge of Throw Frost by Vehumet.
 10227 | D:9      | Reached skill level 5 in Dodging
 10315 | D:9      | Noticed Gastronok
 10324 | D:9      | Killed Gastronok
 10324 | D:9      | Reached XP level 11. HP: 61/61 MP: 3/27
 10801 | D:10     | Entered Level 10 of the Dungeon
 10812 | D:10     | Noticed an unseen horror
 10819 | D:10     | Killed an unseen horror
 10819 | D:10     | Reached ** piety under Vehumet
 10937 | D:10     | Found an iron altar of Okawaru.
 11489 | D:10     | Reached skill level 5 in Fighting
 11489 | D:10     | Reached skill level 5 in Shields
 11501 | D:10     | Offered knowledge of Dazzling Spray by Vehumet.
 11691 | D:10     | Reached *** piety under Vehumet
 11971 | D:10     | Found a staircase to the Lair.
 12251 | Lair:1   | Entered Level 1 of the Lair of Beasts
 12411 | Lair:1   | Noticed a four-headed hydra
 12420 | Lair:1   | Killed a four-headed hydra
 13581 | Lair:2   | Noticed a four-headed hydra
 13589 | Lair:2   | Killed a four-headed hydra
 13826 | Lair:2   | Reached XP level 12. HP: 51/73 MP: 28/28
 14148 | Lair:3   | Got a pitted rapier
 14184 | Lair:3   | Offered knowledge of Throw Icicle by Vehumet.
 14368 | Lair:3   | Found a staircase to the Shoals.
 14473 | Lair:3   | Reached skill level 11 in Spellcasting
 14770 | Lair:3   | Reached **** piety under Vehumet
 15023 | Lair:3   | Found a runed door.
 15099 | Lair:3   | Noticed a seven-headed hydra
 15106 | Lair:3   | Killed a seven-headed hydra
 15111 | Lair:3   | Reached skill level 12 in Spellcasting
 15693 | Lair:4   | Offered knowledge of Force Lance by Vehumet.
 15799 | Lair:4   | Noticed Snorg
 15804 | Lair:4   | Killed Snorg
 15897 | Lair:4   | Found a hole to the Spider Nest.
 15907 | Lair:4   | Identified the +4 rapier of Tortfeasance {flame, +Inv rElec Int-3 Stlth+} (You found it on level 3 of the Lair of Beasts)
 15996 | Lair:4   | Noticed Kirke
 16016 | Lair:4   | Killed Kirke
 16016 | Lair:4   | Reached skill level 13 in Spellcasting
 16323 | Lair:4   | Reached XP level 13. HP: 78/78 MP: 24/32
 16880 | Lair:5   | Noticed Urug
 16907 | Lair:5   | Reached skill level 14 in Spellcasting
 16984 | Lair:5   | Killed Urug
 17540 | Lair:5   | Found a viscous altar of Jiyva.
 17540 | Lair:5   | Found a staircase to the Slime Pits.
 18021 | Lair:6   | Entered Level 6 of the Lair of Beasts
 18040 | Lair:6   | Reached skill level 15 in Spellcasting
 18102 | Lair:6   | Reached ***** piety under Vehumet
 18106 | Lair:6   | Offered knowledge of Bolt of Fire by Vehumet.
 18121 | Lair:6   | Learned a level 6 spell: Bolt of Fire
 18167 | Lair:6   | Reached skill level 15 in Conjurations
 18198 | Lair:6   | Found a labyrinth entrance.
 18224 | Lab      | Entered a labyrinth
 18472 | Lab      | Noticed a minotaur
 18476 | Lab      | Killed a minotaur
 18626 | Lair:6   | Reached skill level 16 in Spellcasting
 19267 | Lair:6   | Reached XP level 14. HP: 77/84 MP: 20/36
 20050 | Lair:6   | Reached skill level 17 in Spellcasting
 20193 | Lair:6   | Offered knowledge of Orb of Destruction by Vehumet.
 20231 | Lair:6   | Learned a level 7 spell: Orb of Destruction
 20331 | Lair:6   | Got a shimmering spear
 20332 | Lair:6   | Identified the +6 spear "Lelecuum" {drain, Fragile rN+ Int+2} (You found it on level 6 of the Lair of Beasts)
 20864 | D:11     | Found Womah's Antique Weapon Shoppe.
 20865 | D:11     | Found an iron altar of Okawaru.
 21298 | D:11     | Found a staircase to the Orcish Mines.
 21617 | D:11     | Gained mutation: Armour fits poorly on your strangely shaped body. [mutagenic meat]
 21618 | D:11     | Gained mutation: You are occasionally teleported next to monsters. [mutagenic meat]
 22034 | D:12     | Noticed Duffy's ghost (journeyman CeGl)
 22042 | D:12     | Mangled by Duffy's ghost

Vault maps used:
D:1:      tarquinn_simple_flora_water_d, minmay_hedge_maze
D:2:      chequers_ecumenical_altar_simple_redux, minmay_misc_feat_cross,
          mrwooster_statue_mirror
D:3:      minitemple, serial_co_window_serial, co_window_paths_a,
          co_window_paths_a, co_window_cross_1, co_window_corner_a,
          co_window_paths_b, co_window_2corner, co_window_paths_c,
          co_window_2corner, co_window_cross_2, co_window_paths_e
D:4:      hangedman_abyss_or_decor_jellyfish_corner
D:5:      kennysheep_mini, gup_sewer_entry_bowl, first_bread
D:6:      kennysheep_generic_room_8
D:7:      minmay_temple_entry_trees, serial_shops, shop, grunt_livestock
D:8:      old_standard_altar, old_standard_altar, basic_altar, uniq_pikel
D:9:      minmay_bloctagon_deflated, uniq_gastronok
D:10:     grunt_lair_entry_orc_guard_hut, okawaru_humans
D:11:     kennysheep_orc_monster_closet_entryway, basic_altar, serial_shops,
          shop, hangedman_abyss_or_decor_stabs
D:12:     serial_shops, shop, sword_in_stone
Lair:1:   grunt_megastairs_1, lemuel_fruit_fields
Lair:3:   elwin_shoals_entry_rooms, special_room, pf_torpor_hydra
Lair:4:   nicolae_spider_entry_non_spiders, uniq_snorg, uniq_kirke
Lair:5:   slime_altar_1, uniq_urug
Lair:6:   due_jungle_book, lab_entry_generic
Lab:      labyrinth_hidden_loot, nicolae_lab_blocks
Sewer:    kennysheep_door_sewer

Skill      XL: |  1  2  3  4  5  6  7  8  9 10 11 12 13 14 |
---------------+-------------------------------------------+-----
Conjurations   | 2 3 4 5 7 9 11 13 15 16 | 16.5
Spellcasting   | 4 5 6 8 10 13 16 17 | 17.7
Fire Magic     | 4 5 7 8 |  8.0
Fighting       | 4 7 8 |  8.0
Dodging        | 6 8 |  8.4
Shields        | 4 5 |  5.5
Stealth        | |  2.4

Action                   |  1- 3 |  4- 6 |  7- 9 | 10-12 | 13-15 || total
-------------------------+-------+-------+-------+-------+-------++-------
Melee: Dagger            |       |     4 |    25 |    14 |       ||    43
 Cast: Flame Tongue      |    38 |    51 |   246 |   202 |     1 ||   538
       Conjure Flame     |       |     5 |    12 |    13 |       ||    30
       Sticky Flame      |       |     2 |    12 |    57 |     9 ||    80
       Fireball          |       |       |    10 |   108 |    71 ||   189
       Bolt of Fire      |       |       |       |       |   116 ||   116
       Orb of Destructio |       |       |       |       |     5 ||     5
  Use: Potion            |     1 |       |       |       |       ||     1
       Scroll            |       |       |       |       |    21 ||    21
  Eat: Chunk             |       |     2 |    20 |    29 |    19 ||    70
       Bread ration      |       |       |     1 |     1 |     2 ||     4
Armor: Robe              |       |     1 |    11 |     4 |       ||    16
       Troll leather arm |       |       |       |    21 |    17 ||    38
       Skin              |       |       |       |     1 |       ||     1
Dodge: Dodged            |     4 |    20 |    53 |   105 |    43 ||   225
       Deflected         |       |       |       |     2 |     2 ||     4
Block: Buckler           |       |       |       |    50 |    13 ||    63
